 Dungeon Crawl Stone Soup version 0.28.0-53-g5a82cb258f (webtiles) character file.

Game seed: 17761021990277652454

133247 raph the Fencer (level 16, -5/151 HPs)
             Began as a Minotaur Berserker on June 21, 2022.
             Was a High Priest of Trog.
             Slain by an alligator (25 damage)
             ... on level 2 of the Swamp.
             The game lasted 00:54:00 (32060 turns).

raph the Fencer (Minotaur Berserker)               Turns: 32060, Time: 00:54:01

Health: -5/151     AC: 30    Str: 29    XL:     16   Next: 59%
Magic:  3/15       EV: 16    Int:  4    God:    Trog [*****.]
Gold:   1683       SH:  5    Dex: 17    Spells: 15/15 levels left

rFire   + . .      SeeInvis .   a - +8 great sword (flame)
rCold   . . .      Faith    .   (shield currently unavailable)
rNeg    . . .      Spirit   .   Z - +2 storm dragon scales
rPois   +          Reflect  +   F - +2 hat {Will+}
rElec   +          Harm     .   u - +1 cloak
rCorr   .          Rampage  .   N - +3 Mad Mage's Maulers {Infuse+∞ RegenMP Int-3}
Will    ++...                   O - +1 pair of boots
Stlth   ..........              r - amulet of reflection
HPRegen 0.35/turn               b - +4 ring of protection
MPRegen 0.54/turn               H - ring "Ustroczeof" {rPois rF+ Str+6 Int+3 Slay-2}

@: corroded, slowed, studying Armour, very slow
A: horns 2, retaliatory headbutt
a: Renounce Religion, Berserk, Trog's Hand, Brothers in Arms


You were on level 2 of the Swamp.
You worshipped Trog.
Trog was extremely pleased with you.
You visited 5 branches of the dungeon, and saw 26 of its levels.
You also visited: Bailey and Gauntlet.

You collected 2697 gold pieces.
You spent 1014 gold pieces at shops.

Inventory:

Hand Weapons
 a - a +8 great sword of flaming (weapon)
 m - a +2 great sword of freezing
Missiles
 e - 9 boomerangs of dispersal
 n - a throwing net
 x - 10 curare-tipped darts
 z - 34 poisoned darts
 A - 24 boomerangs (quivered)
 G - 5 silver javelins
 Y - 14 javelins
Armour
 u - a +1 cloak (worn)
 F - a +2 hat of willpower (worn)
 I - +0 swamp dragon scales
 N - the +3 Mad Mage's Maulers (worn) {Infuse+∞ RegenMP Int-3}
   (You acquired it in a bailey)

   It empowers its wearer's blows with all of their magic.
   It causes its wearer's magical reserves to regenerate more quickly.
   Int:       It affects your intelligence (-3).
 O - a +1 pair of boots (worn)
 Z - +2 storm dragon scales (worn)
Jewellery
 b - a +4 ring of protection (left hand)
 j - the ring "Cebyl" {Ice +Blink Dex+3 SInv Stlth+}
   (You found it in a Gauntlet)

   [ring of ice]

   It enhances your ice magic.
   Dex:       It affects your dexterity (+3).
   rF:        It makes you vulnerable to fire.
   rC:        It protects you from cold.
   SInv:      It lets you see invisible.
   +Blink:    It lets you blink.
   Stlth:     It makes you more stealthy.
 r - an amulet of reflection (around neck)
 H - the ring "Ustroczeof" (right hand) {rPois rF+ Str+6 Int+3 Slay-2}
   (You took it off a minotaur in a Gauntlet)

   [ring of strength]

   Str:       It affects your strength (+6).
   Int:       It affects your intelligence (+3).
   Slay:      It affects your accuracy & damage with ranged weapons and melee
   (-2).
   rF:        It protects you from fire.
   rPois:     It protects you from poison.
 R - a ring of protection from fire
 T - a ring of flight
 X - a ring of protection from cold
Wands
 c - a wand of acid (17)
 l - a wand of digging (26)
 p - a wand of flame (20)
 v - a wand of polymorph (2)
 D - a wand of mindburst (30)
 E - a wand of paralysis (16)
 S - a wand of iceblast (29)
Scrolls
 k - 2 scrolls of immolation
 o - a scroll of blinking
 y - 11 scrolls of teleportation
 B - 4 scrolls of fog
 C - 2 scrolls of summoning
 J - a scroll of torment
 P - 3 scrolls of fear
 Q - a scroll of brand weapon
 V - a scroll of silence
Potions
 d - 3 potions of berserk rage
 f - 5 potions of curing
 g - 5 potions of might
 h - 7 potions of lignification
 i - 3 potions of flight
 q - 6 potions of mutation
 s - 2 potions of invisibility
 t - 3 potions of resistance
 w - 7 potions of haste
 K - 2 potions of magic
 L - a potion of cancellation
 U - 5 potions of ambrosia
 W - 3 potions of attraction


   Skills:
 + Level 16.0 Fighting
 - Level 20.0 Long Blades
 + Level 11.3 Throwing
 + Level 14.8 Armour
 + Level 12.5 Dodging
 + Level 10.3 Evocations


You had 15 spell levels left.
You didn't know any spells.
Your spell library was empty.

Dungeon Overview and Level Annotations

Branches:
Dungeon (15/15)            Temple (1/1) D:6            Lair (6/6) D:11
  Swamp (2/4) Lair:4       Spider (0/4) Lair:2        Slime (0/5) Lair:5
    Orc (2/2) D:10            Elf (0/3) Orc:2        Vaults (0/5) D:13
 Depths (0/4) D:15         Bailey (visited)         Gauntlet (visited)

Altars:
Ashenzari
Cheibriados
Dithmenos
Gozag
Hepliaklqana
Kikubaaqudgha
Makhleb
Okawaru
Sif Muna
Trog
Vehumet
Wu Jian
Yredelemnul
Zin

Shops:
D:3 (*   D:4 :   D:12 (   Orc:2 *===(


Innate Abilities, Weirdness & Mutations

You have a pair of horns on your head.
You reflexively headbutt those who attack you in melee.


Message History

Your iron troll claws the swamp worm.
The goliath frog closely misses you.
The swamp worm bites your iron troll but does no damage.
The goliath frog hits you but does no damage.
The alligator bites you.
* * * LOW HITPOINT WARNING * * *
The alligator barely misses you. The death drake completely misses you.
Your iron troll bites the swamp worm!!
The swamp worm dies!
Trog accepts your kill. 2 foxfires come into view.
The goliath frog closely misses you.
Your iron troll barely misses the spriggan druid.
Your iron troll claws the spriggan druid!!
Your iron troll claws the spriggan druid but does no damage.
The alligator bites you!
* * * LOW HITPOINT WARNING * * *
The alligator barely misses you.
The death drake bites you but does no damage.
You feel much better.
The goliath frog hits you but does no damage.
The alligator bites you but does no damage.
The alligator barely misses you.
Your iron troll bites the spriggan druid!
Your iron troll closely misses the spriggan druid.
Your iron troll claws the spriggan druid.
With its final breath, the spriggan druid offers up its power to the beasts of the wild!
The alligator is healed.
The goliath frog seems to grow more fierce.
The alligator seems to grow more fierce.
The spriggan druid dies!
Trog accepts your kill.
Trog appreciates your killing of a magic user.
You hear a splash. x4
The death drake bites you but does no damage.
The goliath frog misses you. The goliath frog hits you from afar!
* * * LOW HITPOINT WARNING * * *
The acid corrodes you!
You are splashed with acid!
* * * LOW HITPOINT WARNING * * *
The alligator bites you!!
You die...

.≈≈≈≈≈.≈.≈≈.≈
≈≈≈§≈≈...§.♣
≈≈≈≈≈≈....w♣♣
≈≈≈≈≈≈≈≈≈≈≈§♣♣
†.≈≈≈...≈§≈§v♣♣♣
♣..≈≈......♣♣≈.♣♣
.≈≈†≈≈≈≈....T♣.n♣
$≈≈≈≈≈≈≈...†.)Fk♣♣
♣≈≈≈≈≈≈≈≈.≈≈w/Dt@♣
♣♣≈F.....♣....F♣♣♣
≈♣♣.≈.♣..≈≈.♣.§♣
≈♣≈...♣♣≈♣♣♣♣≈≈♣
≈≈♣≈.♣♣♣≈♣ ♣♣♣♣
..♣♣♣♣♣♣ ..≈≈§.♣♣
♣≈≈.≈..♣ .......♣


You could see a death drake, an alligator (strong, swift), a swamp dragon, 2
goliath frogs, a will-o-the-wisp, a bog body, 2 swamp worms and a friendly iron
troll (summoned, berserk).

Vanquished Creatures
  Saint Roka (Orc:2)
  Gastronok (D:9)
  Frances (Swamp:2)
  An orc warlord (Bailey)
  The ghost of Asuroimp the Fighter, a journeyman DsEE of Vehumet (D:13)
  An ironbound preserver (D:13)
  Nessos (D:14)
  A minotaur (Gauntlet)
  2 eleionomae
  3 bunyips
  The ghost of diceflayer the Unseen, a journeyman NaFi of Okawaru (Lair:2)
  A fire dragon (D:15)
  14 hydras
  An ice dragon (D:15)
  An ogre mage (D:12)
  3 catoblepae (Lair:6)
  5 boulder beetles
  2 centaur warriors
  A death knight (D:15)
  A two-headed ogre (D:10)
  The ghost of Buchaag the Cleaver, a novice MiMo of Makhleb (D:13)
  2 ghost crabs (Lair:4)
  The ghost of dbhg the Basher, a novice MiBe of Trog (D:11)
  A tengu warrior (D:13)
  14 death yaks
  Urug (D:11)
  An alligator (Swamp:2)
  4 orc high priests (Orc:2)
  Sonja (D:13)
  A spriggan (Lair:4)
  A skeletal warrior (D:15)
  2 goliath frogs
  A spriggan druid (Swamp:1)
  A wizard (D:15)
  4 bog bodies
  3 lindwurms
  4 orc sorcerers
  A deep elf pyromancer (D:12)
  5 orc knights
  A wolf spider (Lair:3)
  An oklob plant (Lair:2)
  2 will-o-the-wisps
  8 manticores
  9 ugly things
  3 cyclopes
  13 elephants
  8 black mambas
  Joseph (D:7)
  A centaur zombie (D:11)
  14 cane toads
  2 ice statues (Lair:2)
  A smoke demon (Gauntlet)
  An eye of devastation (Lair:5)
  A demonic crawler (Lair:2)
  Maggie (D:9)
  4 yaktaurs (D:15)
  8 komodo dragons
  A kobold demonologist (D:11)
  4 freezing wraiths
  4 tengu conjurers
  4 rime drakes
  2 queen bees
  A queen bee (shapeshifter) (D:13)
  3 trolls
  6 meliai
  4 polar bears
  5 tyrant leeches
  5 hornets
  6 slime creatures
  10 dream sheep
  10 blink frogs
  2 meliai zombies
  A jumping spider (shapeshifter) (D:13)
  2 shadows (D:11)
  5 water elementals (D:15)
  2 wyverns
  2 centaur simulacra
  60 yaks
  4 basilisks
  A wraith (D:13)
  2 neqoxecs (D:11)
  2 steam dragons
  13 vampire mosquitoes
  4 wargs
  6 redbacks
  Edmund (D:5)
  4 acid dragons
  8 swamp worms
  27 water moccasins
  A water moccasin (shapeshifter) (D:15)
  3 floating eyes
  A sky beast (D:6)
  An ice beast (D:5)
  43 orc warriors
  2 swamp drakes
  10 ogres
  2 necrophages
  15 wolves
  6 centaurs
  6 kobold brigands
  15 bullfrogs
  2 gnoll sergeants
  5 scorpions
  A wyvern zombie (D:5)
  A wyvern skeleton (D:7)
  23 killer bees
  3 wights (D:7)
  6 electric eels
  A crimson imp (Gauntlet)
  9 howler monkeys
  3 hounds
  3 lava snakes (Lair:3)
  A bullfrog zombie (D:5)
  2 jellies
  A centaur skeleton (D:7)
  2 quasits (D:11)
  32 orc priests
  An iron imp (D:5)
  A gnoll shaman (D:6)
  Ijyb (D:3)
  4 iguanas
  28 orc wizards
  2 howler monkey zombies (D:9)
  Robin (D:3)
  13 gnolls
  2 howler monkey skeletons
  8 adders
  2 white imps
  3 ufetubi
  6 worms
  2 dart slugs
  80 orcs
  5 endoplasms
  5 giant cockroaches
  16 goblins
  9 hobgoblins
  4 jackals (D:3)
  4 quokkas
  10 ball pythons
  A bat (D:2)
  2 frilled lizards
  24 kobolds
  2 rats
  A spectral orc (D:12)
819 creatures vanquished.

Vanquished Creatures (collateral kills)
  Rupert (D:14)
  A bunyip (Swamp:2)
  A hydra (Lair:4)
  A spriggan druid (Swamp:2)
  6 ugly things (D:14)
  3 elephants (Lair:4)
  A rime drake (Lair:4)
  A swamp worm (Swamp:2)
  3 killer bees (Lair:6)
18 creatures vanquished.

Vanquished Creatures (others)
  A wolf (Lair:1)
  3 orcs
  2 bushes (Lair:6)
  6 foxfires (Swamp:2)
  48 fungi
  78 plants
138 creatures vanquished.

Grand Total: 975 creatures vanquished

Notes
Turn   | Place    | Note
-------+----------+-------------------------------------------
     0 | D:1      | raph the Minotaur Berserker began the quest for the Orb.
     0 | D:1      | Reached XP level 1. HP: 19/19 MP: 0/0
   172 | D:1      | Reached skill level 4 in Long Blades
   553 | D:1      | Reached XP level 2. HP: 26/26 MP: 1/1
   950 | D:2      | Reached skill level 5 in Long Blades
   950 | D:2      | Reached XP level 3. HP: 31/31 MP: 2/2
  1152 | D:2      | Found a hazy altar of Hepliaklqana.
  1577 | D:2      | Found a faded altar of an unknown god.
  1596 | D:2      | Reached ** piety under Trog
  2067 | D:3      | Reached skill level 6 in Long Blades
  2067 | D:3      | Reached XP level 4. HP: 39/39 MP: 3/3
  2255 | D:3      | Found Fiwu's Assorted Antiques.
  2259 | D:3      | Bought a scroll of identify for 52 gold pieces
  2259 | D:3      | Bought a scroll labelled HOBOMP TYKUVVU for 26 gold pieces
  2283 | D:3      | Noticed Ijyb
  2288 | D:3      | Killed Ijyb
  2351 | D:3      | Reached skill level 7 in Long Blades
  2351 | D:3      | Reached XP level 5. HP: 45/45 MP: 4/4
  2716 | D:3      | Noticed Robin
  2742 | D:3      | Killed Robin
  2907 | D:3      | Found Wanuh's Antique Weapon Shop.
  3027 | D:4      | Reached *** piety under Trog
  3058 | D:4      | Found Horiprit's Book Shop.
  3094 | D:4      | Noticed an ogre
  3100 | D:4      | Killed an ogre
  3101 | D:4      | Reached skill level 8 in Long Blades
  3101 | D:4      | Reached XP level 6. HP: 51/51 MP: 5/5
  3285 | D:4      | Reached skill level 9 in Long Blades
  3602 | D:5      | Entered Level 5 of the Dungeon
  3688 | D:3      | Bought a scratched granite ring for 130 gold pieces
  3741 | D:5      | Reached XP level 7. HP: 57/57 MP: 6/6
  3954 | D:5      | Reached skill level 10 in Long Blades
  4286 | D:5      | Reached skill level 11 in Long Blades
  4321 | D:5      | Noticed Edmund
  4329 | D:5      | Killed Edmund
  4511 | D:5      | Reached XP level 8. HP: 64/64 MP: 7/7
  4680 | D:5      | Found a snail-covered altar of Cheibriados.
  4951 | D:6      | Found a staircase to the Ecumenical Temple.
  4956 | D:6      | Reached skill level 12 in Long Blades
  4988 | Temple   | Entered the Ecumenical Temple
  5401 | D:6      | Reached skill level 13 in Long Blades
  5778 | D:6      | Found a glowing silver altar of Zin.
  5780 | D:6      | Found a broken altar of Ashenzari.
  5781 | D:6      | Found an ornate altar of the Wu Jian Council.
  5788 | D:6      | Found a burning altar of Makhleb.
  5790 | D:6      | Found a bloodstained altar of Trog.
  5795 | D:6      | Found a radiant altar of Vehumet.
  5817 | D:6      | Reached skill level 14 in Long Blades
  5872 | D:6      | Found an iron altar of Okawaru.
  5875 | D:6      | Found a shimmering blue altar of Sif Muna.
  5876 | D:6      | Found an opulent altar of Gozag.
  6044 | D:7      | Reached XP level 9. HP: 71/71 MP: 8/8
  6047 | D:7      | Noticed Joseph
  6063 | D:7      | Killed Joseph
  6064 | D:7      | Reached skill level 1 in Throwing
  6064 | D:7      | Reached skill level 1 in Evocations
  6300 | D:7      | Reached skill level 5 in Fighting
  6708 | D:8      | Reached **** piety under Trog
  6991 | D:8      | Reached XP level 10. HP: 80/86 MP: 9/9
  7385 | D:8      | Reached skill level 5 in Armour
  7428 | D:8      | Found a shadowy altar of Dithmenos.
  7809 | D:9      | Noticed Gastronok
  7822 | D:9      | Killed Gastronok
  7823 | D:9      | Reached skill level 5 in Dodging
  8170 | D:9      | Found an ancient bone altar of Kikubaaqudgha.
  8238 | D:9      | Found a basalt altar of Yredelemnul.
  8338 | D:9      | Noticed Maggie
  8351 | D:9      | Killed Maggie
  8506 | D:10     | Entered Level 10 of the Dungeon
  8680 | D:10     | Reached skill level 5 in Throwing
  8680 | D:10     | Reached XP level 11. HP: 86/97 MP: 10/10
  8712 | D:10     | Found a flagged portal.
  8721 | Bailey   | Entered a bailey
  8726 | Bailey   | Noticed an orc warlord
  9475 | Bailey   | Reached ***** piety under Trog
  9540 | Bailey   | Found a runed translucent gate.
  9543 | Bailey   | Found a runed translucent gate.
  9546 | Bailey   | Found a runed translucent gate.
  9717 | Bailey   | Killed an orc warlord
  9767 | Bailey   | Identified the +2 rapier of Animal Spirits {speed, rF- rN+
                  | rCorr Stlth+}
  9770 | Bailey   | Acquired the +3 Mad Mage's Maulers {Infuse+∞ RegenMP Int-3}
  9770 | Bailey   | Found the +3 Mad Mage's Maulers {Infuse+∞ RegenMP Int-3}
  9829 | D:10     | Reached skill level 10 in Fighting
  9986 | D:10     | Noticed a two-headed ogre
  9992 | D:10     | Killed a two-headed ogre
 10049 | D:10     | Reached skill level 5 in Evocations
 10455 | D:10     | Found a staircase to the Orcish Mines.
 10882 | D:11     | Noticed a brown ugly thing
 10887 | D:11     | Killed a brown ugly thing
 11049 | D:11     | Noticed Urug
 11067 | D:11     | Killed Urug
 11190 | D:11     | Found a transporter.
 11200 | D:11     | Found a transporter.
 11204 | D:11     | Noticed dbhg's ghost (novice MiBe)
 11723 | D:11     | Found a staircase to the Lair.
 11794 | D:11     | Noticed a white ugly thing
 11801 | D:11     | Killed a white ugly thing
 11802 | D:11     | Reached XP level 12. HP: 110/110 MP: 0/11
 12079 | Lair:1   | Entered Level 1 of the Lair of Beasts
 12300 | Lair:1   | Noticed a five-headed hydra
 12326 | Lair:1   | Killed a five-headed hydra
 12449 | Lair:1   | Noticed a four-headed hydra
 12458 | Lair:1   | Killed a four-headed hydra
 13140 | Lair:2   | Noticed a four-headed hydra
 13155 | Lair:2   | Killed a four-headed hydra
 13288 | Lair:2   | Found a hole to the Spider Nest.
 13309 | Lair:2   | Reached skill level 15 in Long Blades
 13375 | Lair:2   | Found a transporter.
 13402 | Lair:2   | Found a transporter.
 13406 | Lair:2   | Noticed a six-headed hydra
 13409 | Lair:2   | Noticed an eight-headed hydra
 13436 | Lair:2   | Noticed diceflayer's ghost (journeyman NaFi)
 13703 | Lair:2   | Received a gift from Trog
 14705 | Lair:3   | Found a runed translucent door.
 14709 | Lair:3   | Reached skill level 16 in Long Blades
 15245 | Lair:3   | Identified the +3 whip of Delicate Courage {holy, rC++
                  | Str-4 Int+3}
 15277 | Lair:3   | Found a runed translucent gate.
 15277 | Lair:3   | Found a runed translucent gate.
 15277 | Lair:3   | Found a runed translucent gate.
 15277 | Lair:3   | Found a runed translucent gate.
 15277 | Lair:3   | Found a runed translucent gate.
 15277 | Lair:3   | Found a runed translucent gate.
 15277 | Lair:3   | Noticed a boulder beetle
 15277 | Lair:3   | Noticed a boulder beetle
 15383 | Lair:4   | Reached XP level 13. HP: 119/119 MP: 0/12
 15672 | Lair:4   | Reached skill level 17 in Long Blades
 15857 | Lair:4   | Found a staircase to the Swamp.
 15956 | Lair:4   | Reached skill level 18 in Long Blades
 17242 | Lair:5   | Received a gift from Trog
 17247 | Lair:5   | Paralysed by a floating eye for 3 turns
 17281 | Lair:5   | Found a staircase to the Slime Pits.
 17385 | Lair:5   | Reached skill level 19 in Long Blades
 17843 | Lair:6   | Entered Level 6 of the Lair of Beasts
 18140 | Lair:6   | Reached skill level 20 in Long Blades
 18313 | Lair:6   | Reached XP level 14. HP: 124/127 MP: 0/13
 18770 | Lair:6   | Found a radiant altar of Vehumet.
 19000 | Lair:6   | Reached skill level 10 in Armour
 19149 | Lair:6   | Identified the +1 leather armour "Sacymu" {rN++}
 19252 | Lair:6   | Received a gift from Trog
 20236 | Orc:1    | Entered Level 1 of the Orcish Mines
 20421 | Orc:1    | Reached skill level 10 in Dodging
 21010 | Orc:2    | Entered Level 2 of the Orcish Mines
 21112 | Orc:2    | Found Bitwek's Assorted Antiques.
 21245 | Orc:2    | Found a staircase to the Elven Halls.
 21434 | Orc:2    | Received a gift from Trog
 21595 | Orc:2    | Reached XP level 15. HP: 117/138 MP: 0/14
 21653 | Orc:2    | Reached ****** piety under Trog
 21694 | Orc:2    | Noticed Saint Roka
 21872 | Orc:2    | Killed Saint Roka
 22453 | Orc:2    | Found Pediorew's Jewellery Shop.
 22453 | Orc:2    | Found Icewuff's Jewellery Boutique.
 22454 | Orc:2    | Found Jiofaups's Jewellery Boutique.
 22457 | Orc:2    | Found Efrebes's Antique Weapon Shop.
 22491 | Orc:2    | Bought a wand of acid (2) for 272 gold pieces
 22491 | Orc:2    | Bought a scroll of teleportation for 102 gold pieces
 22491 | Orc:2    | Bought a scroll of teleportation for 102 gold pieces
 22524 | Orc:2    | Received a gift from Trog
 22706 | Orc:2    | Bought an amulet of reflection for 330 gold pieces
 22968 | D:12     | Found a gate leading to a gauntlet.
 22977 | Gauntlet | Entered a Gauntlet
 22977 | Gauntlet | Found a large runed translucent door.
 22977 | Gauntlet | Found a large runed translucent door.
 22977 | Gauntlet | Found a large runed translucent door.
 22977 | Gauntlet | Found a large runed translucent door.
 22977 | Gauntlet | Found a large runed translucent door.
 22977 | Gauntlet | Found a large runed translucent door.
 22977 | Gauntlet | Found a large runed translucent door.
 22977 | Gauntlet | Found a large runed translucent door.
 22977 | Gauntlet | Found a runed translucent door.
 22977 | Gauntlet | Found a runed translucent gate.
 22977 | Gauntlet | Found a transporter.
 22977 | Gauntlet | Found a transporter.
 22977 | Gauntlet | Found a runed translucent gate.
 22977 | Gauntlet | Found a transporter.
 22981 | Gauntlet | Found a runed translucent gate.
 22981 | Gauntlet | Found a runed translucent door.
 22986 | Gauntlet | Found a large runed translucent door.
 22986 | Gauntlet | Found a large runed translucent door.
 22987 | Gauntlet | Found a large runed translucent door.
 22988 | Gauntlet | Found a large runed translucent door.
 22992 | Gauntlet | Found a transporter.
 22997 | Gauntlet | Found a large runed translucent door.
 22997 | Gauntlet | Found a large runed translucent door.
 22999 | Gauntlet | Found a transporter.
 23011 | Gauntlet | Found a transporter.
 23019 | Gauntlet | Found a transporter.
 23036 | Gauntlet | Found a transporter.
 23040 | Gauntlet | Found a transporter.
 23071 | Gauntlet | Found a large runed translucent door.
 23071 | Gauntlet | Found a large runed translucent door.
 23087 | Gauntlet | Found a transporter.
 23102 | Gauntlet | Found a transporter.
 23117 | Gauntlet | Found a transporter.
 23828 | Gauntlet | Identified the +5 tower shield of Optimism {rN+ MP+9}
 23828 | Gauntlet | Identified the ring "Ustroczeof" {rPois rF+ Str+6 Int+3
                  | Slay-2}
 23867 | Gauntlet | Identified the +0 scale mail "Ylekis" {Int+4}
 23869 | Gauntlet | Identified the ring "Cebyl" {Ice +Blink Dex+3 SInv Stlth+}
 23954 | D:12     | Found a basalt altar of Yredelemnul.
 24273 | D:12     | Found Guoff's Antique Weapon Shop.
 24573 | D:12     | Paralysed by a floating eye for 3 turns
 24583 | D:12     | Paralysed by a floating eye for 4 turns
 24896 | D:13     | Found a runed translucent gate.
 24896 | D:13     | Found a runed translucent gate.
 25116 | D:13     | Found a runed translucent gate.
 25118 | D:13     | Noticed Asuroimp's ghost (journeyman DsEE)
 25118 | D:13     | Noticed Buchaag's ghost (novice MiMo)
 25510 | D:13     | Found a gate to the Vaults.
 25763 | D:13     | Noticed Sonja
 25767 | D:13     | Killed Sonja
 26363 | D:14     | Noticed Nessos
 26371 | D:14     | Killed Nessos
 26380 | D:14     | Reached skill level 10 in Throwing
 26814 | D:14     | Acquired a manual of Armour
 27042 | D:14     | Noticed Rupert
 27062 | D:14     | Reached skill level 15 in Fighting
 27070 | D:14     | Killed Rupert
 27161 | D:15     | Entered Level 15 of the Dungeon
 28242 | D:15     | Received a gift from Trog
 28405 | D:15     | Reached XP level 16. HP: 149/149 MP: 0/15
 28414 | D:15     | Identified the +0 scale mail "Namompua" {Fly Dex+3 SInv}
 28892 | D:15     | Found a staircase to the Depths.
 29157 | D:11     | Killed dbhg's ghost
 29265 | D:13     | Killed Asuroimp's ghost
 29269 | D:13     | Killed Buchaag's ghost
 29539 | Lair:2   | Killed diceflayer's ghost
 30321 | Swamp:1  | Entered Level 1 of the Swamp
 30679 | Lair:4   | Reached skill level 10 in Evocations
 31823 | Swamp:2  | Noticed Frances
 31832 | Swamp:2  | Killed Frances
 32060 | Swamp:2  | Slain by an alligator

Illustrated notes

Levels and vault maps discovered:
D:1:      dpeg_arrival_court, layout_basic, chequers_serial_rivers_micro_c,
          solitary_fountain, amcnicky_mini_pool_small
D:2:      layout_loops_ring, basic_altar, basic_ecumenical_altar,
          chequers_serial_rivers_large_b
D:3:      layout_rooms, serial_shops, shop, shop, uniq_robin, uniq_ijyb
D:4:      layout_rooms, serial_shops, shop
D:5:      layout_loops_ring, slow_altar_1, serial_park_tiny_1, uniq_edmund
D:6:      layout_cave_pools, nicolae_overflow_hallway_of_the_gods,
          minmay_temple_entry_proselytizer
D:7:      layout_rooms, minmay_misc_feat_hallway, kennysheep_pointless_box,
          uniq_joseph
D:8:      layout_loops_ring, mainiacjoe_overflow_alcove_2
D:9:      layout_rooms, mainiacjoe_overflow_boulevard, lemuel_round_altar,
          uniq_gastronok, uniq_maggie
D:10:     layout_stronghold, erik_orc_1, enter_bailey_8
D:11:     layout_basic, lair_entry_dummy, gammafunk_ghost_stat_death, uniq_urug
D:12:     hellmonk_paralyzer, layout_loops_ring, gauntlet_entry_generic,
          serial_shops, nicolae_shop_competitors_out_of_business,
          yredelemnul_forgotten_temple_becter
D:13:     layout_irregular_city, skrybe_vaults_entry_preservation,
          gammafunk_ghost_cemetery, uniq_sonja
D:14:     layout_rooms, minivault_19, uniq_rupert, uniq_nessos
D:15:     grunt_enter_depths_hoard, layout_basic, interstate_on_off
Temple:   jpeg_temple_island
Lair:1:   layout_hall_layers, pond
Lair:2:   layout_big_grid, nicolae_spider_entry_non_spiders, nzn_ghost_randoct
Lair:3:   gammafunk_indiana_jones, layout_cave_pods,
          infiniplex_staircase_pool_2, serial_bayou_shore_a
Lair:4:   layout_cave_pods, swamp_mist_pool, grunt_megastairs_3,
          lemuel_fruit_fields, lemuel_fruit_tree
Lair:5:   layout_small_grid, minmay_slime_entry_eyes
Lair:6:   evilmike_catoblepas_cave, layout_loops_ring, special_room
          [special_room_bee], basic_altar, grunt_megastairs_1
Swamp:1:  layout_falls_marsh, hangedman_swamp_pad, swamp_pool1
Swamp:2:  layout_basic_swamp, nicolae_swamp_little_tower, uniq_frances
Orc:1:    layout_caves
Orc:2:    st_orc_mages, layout_caves, serial_shops, nicolae_shop_stone,
          nicolae_orc_flooded_monolith, nicolae_orc_lava_room, uniq_saint_roka

Skill      XL: |  1  2  3  4  5  6  7  8  9 10 11 12 13 14 15 16 |
---------------+-------------------------------------------------+-----
Long Blades    | 4 5 6 7 8 9 11 14 16 20 | 20.0
Fighting       | 7 9 11 12 14 15 16 | 16.0
Throwing       | 3 5 6 7 9 10 11 | 11.3
Armour         | 4 6 8 9 11 13 14 | 14.8
Evocations     | 2 4 5 6 8 9 10 | 10.3
Dodging        | 4 6 7 8 10 11 12 | 12.5

Action                   |  1- 3 |  4- 6 |  7- 9 | 10-12 | 13-15 | 16-18 || total
-------------------------+-------+-------+-------+-------+-------+-------++-------
Melee: Falchion          |    69 |   106 |   185 |       |       |       ||   360
       Headbutt          |     8 |    14 |    52 |   130 |   138 |    37 ||   379
       Punch             |       |     1 |     8 |     9 |       |       ||    18
       Long sword        |       |       |    58 |   330 |       |       ||   388
       Double sword      |       |       |       |   119 |       |       ||   119
       Great sword       |       |       |       |    55 |   723 |   171 ||   949
       Rapier            |       |       |       |    26 |       |       ||    26
Throw: Dart              |       |       |     3 |       |       |       ||     3
       Boomerang         |       |       |     6 |    15 |    86 |    28 ||   135
       Javelin           |       |       |       |    17 |    48 |       ||    65
       Throwing net      |       |       |       |     1 |       |       ||     1
Invok: Berserk           |     1 |     5 |     8 |    11 |    10 |     6 ||    41
       Trog's Hand       |       |       |     2 |     4 |     5 |       ||    11
       Brothers in Arms  |       |       |       |     1 |     4 |     1 ||     6
Evoke: Wand              |       |       |     2 |     6 |     4 |       ||    12
  Use: Scroll            |     4 |     9 |     4 |    12 |    11 |     3 ||    43
       Potion            |       |       |       |     1 |     2 |     2 ||     5
 Stab: Held in net/web   |       |       |       |     2 |       |       ||     2
       Confused          |       |       |       |     2 |       |       ||     2
       Petrifying        |       |       |       |       |     2 |       ||     2
       Petrified         |       |       |       |       |     2 |       ||     2
       Distracted        |       |       |       |       |     2 |       ||     2
Armor: Leather armour    |    10 |       |       |       |       |       ||    10
       Animal skin       |     1 |       |       |       |       |       ||     1
       Chain mail        |       |    63 |   111 |    45 |       |       ||   219
       Swamp dragon scal |       |       |       |   148 |   210 |       ||   358
       Storm dragon scal |       |       |       |       |   110 |   149 ||   259
Dodge: Dodged            |    45 |    40 |    64 |   313 |   530 |   124 ||  1116
Block: Other             |       |       |       |       |    44 |    43 ||    87
       Reflection        |       |       |       |       |     1 |     1 ||     2
